 Dungeon Crawl Stone Soup version 0.20.0-8-g6b59dc7 (webtiles) character file.

1540 straycat the Sneak (level 8, -6/58 HPs)
             Began as a Vampire Wanderer on June 2, 2017.
             Mangled by a wyvern (13 damage)
             ... on level 6 of the Dungeon.
             The game lasted 00:30:55 (7714 turns).

straycat the Sneak (Vampire Wanderer)               Turns: 7714, Time: 00:30:55

Health: -6/58      AC: 13    Str: 13    XL:     8   Next: 56%
Magic:  10/11      EV: 14    Int: 12    God:
Gold:   261        SH:  0    Dex: 18    Spells: 8/11 levels left

rFire    + . .     SeeInvis +   b - +5 quarterstaff (chaos)
rCold    + . .     Gourm    .   (shield currently unavailable)
rNeg     + . .     Faith    .   L - +4 ring mail {rF+}
rPois    .         Spirit   .   D - +2 hat
rElec    .         Reflect  .   z - +0 cloak
rCorr    .         Harm     .   E - +0 pair of gloves
MR       .....                  (no boots)
Stlth    +++.......             (no amulet)
Regen    0.2/turn               m - ring of protection from cold
MPRegen  0.2/turn               o - +2 ring of strength

@: no status effects
A: fangs 3, see invisible, unbreathing
a: Bat Form


You were on level 6 of the Dungeon.
You were not thirsty.

You visited 1 branch of the dungeon, and saw 6 of its levels.

You collected 261 gold pieces.

Inventory:

Hand Weapons
 a - a +2 dagger
 b - a +5 quarterstaff of chaos (weapon)
 e - a +0 hunting sling
 y - a cursed -3 dagger
 B - a +4 mace of protection
 F - a +0 trident
 G - a cursed -2 dagger
 I - a +0 flail of protection
 J - a +0 falchion
Missiles
 i - 105 arrows
 k - 4 needles of paralysis
 p - 35 bolts
 w - 327 stones (quivered)
 O - 3 tomahawks
Armour
 d - a +0 buckler
 z - a +0 cloak (worn)
 D - a +2 hat (worn)
 E - a +0 pair of gloves (worn)
 L - a +4 ring mail of fire resistance (worn)
Jewellery
 m - a ring of protection from cold (left hand)
 o - a +2 ring of strength (right hand)
Wands
 K - a wand of acid (15/15)
Scrolls
 h - a scroll of teleportation
 n - a scroll of remove curse
 q - 3 scrolls of identify
 s - 2 scrolls of fog
 x - a scroll of blinking
 C - 2 scrolls of recharging
 M - a scroll of magic mapping {unknown}
 N - a scroll of brand weapon {unknown}
Potions
 c - 4 potions of lignification
 f - 22 potions of blood
 j - a potion of heal wounds
 r - 2 potions of ambrosia {unknown}
 t - 2 potions of haste
 u - a potion of berserk rage {unknown}
 v - a potion of agility {unknown}
 A - 2 potions of brilliance {unknown}
 H - 2 potions of magic
Books
 g - a book of Maledictions

   Spells                             Type                      Level
   a - Corona                         Hexes                        1
   b - Ensorcelled Hibernation        Hexes/Ice                    2
   c - Confuse                        Hexes                        3
   d - Tukima's Dance                 Hexes                        3
   e - Dazzling Spray                 Conjuration/Hexes            3
 l - a book of Misfortune

   Spells                             Type                      Level
   a - Confusing Touch                Hexes                        1
   b - Confuse                        Hexes                        3
   c - Gell's Gravitas                Translocation                3
   d - Petrify                        Transmutation/Earth          4
   e - Metabolic Englaciation         Hexes/Ice                    5
   f - Yara's Violent Unravelling     Hexes/Transmutation          5


   Skills:
 + Level 3.0 Fighting
 * Level 5.1 Short Blades
   Level 1.7 Axes
 + Level 3.1 Armour
 * Level 5.5 Dodging
 + Level 7.3 Stealth
 + Level 3.0 Shields
 + Level 2.3 Spellcasting
 + Level 3.3 Hexes
 - Level 1.0 Evocations


You had 8 spell levels left.
You knew the following spells:

 Your Spells              Type           Power        Failure   Level  Hunger
a - Corona                Hex            #......      14%         1    ##.....
b - Ensorcelled Hibernat  Hex/Ice        #.....       38%         2    ###....


Dungeon Overview and Level Annotations

Branches:
Dungeon (6/15)
 Temple: D:4-7

Altars:
Trog

Shops:
D:5 *


Innate Abilities, Weirdness & Mutations

You have razor-sharp teeth.
You have supernaturally acute eyesight. (SInv)
You can survive without breathing.


Message History

Confirm with . or Enter, or press ? or * to list all spells.
Aiming: Corona
Press: ? - help, Shift-Dir - straight line, f - wyvern
Aim: a wyvern (chance to defeat MR: 44%)
The wyvern is outlined in light.
The bullfrog gives a loud, deep croak!
You hit the wyvern but do no damage.
The wyvern is poisoned.
The wyvern bites you! The wyvern closely misses you.
You hit the wyvern.
The wyvern goes berserk!
The wyvern is lightly wounded.
The wyvern misses you.
The wyvern bites you but does no damage.
The bullfrog hits you. The wyvern misses you.
The bullfrog completely misses you.
You sock the wyvern! You bite the wyvern.
The wyvern is moderately wounded.
The wyvern bites you!!
* * * LOW HITPOINT WARNING * * *
The wyvern bites you!
You die...

#.. ....# #### #.#
.>..# ...# #.# ....#
...# #.##....# ...#
###.#.....# ...####
#.........#
......#######..Fl.....#
...##...........@.#
...########.......#
...# #....#.....# ####
#.########## #


You could see a wyvern (berserk) and a bullfrog.

Vanquished Creatures
  A sky beast (D:5)
  2 orc warriors (D:6)
  2 ogres
  A bullfrog (D:6)
  A scorpion (D:6)
  A howler monkey (D:4)
  2 crimson imps
  A bullfrog zombie (D:5)
  3 hounds
  Crazy Yiuf (D:3)
  2 jellies (D:6)
  3 orc priests (D:6)
  4 orc wizards
  An iguana (D:5)
  Ijyb (D:4)
  5 worker ants
  A hound skeleton (D:5)
  A worker ant zombie (D:6)
  10 adders
  4 gnolls (D:4)
  2 oozes (D:3)
  An adder skeleton (D:5)
  3 leopard geckos
  22 orcs
  3 giant cockroaches
  10 goblins
  10 hobgoblins
  16 jackals
  2 quokkas
  3 ball pythons
  3 bats (D:1)
  A frilled lizard (D:2)
  A giant cockroach zombie (D:5)
  6 kobolds
  4 rats
134 creatures vanquished.

Notes
Turn   | Place    | Note
-------+----------+-------------------------------------------
     0 | D:1      | straycat the Vampire Wanderer began the quest for the Orb.
     0 | D:1      | straycat set off with: a +2 dagger, a scroll of blinking, a potion of lignification, a +0 buckler, a +0 robe, a potion of blood
     0 | D:1      | Reached XP level 1. HP: 15/15 MP: 1/1
   375 | D:1      | Reached XP level 2. HP: 21/21 MP: 2/2
   763 | D:2      | Reached skill level 1 in Short Blades
   891 | D:2      | Reached XP level 3. HP: 26/26 MP: 3/3
  1247 | D:3      | Found a runed door.
  1534 | D:3      | Reached skill level 5 in Stealth
  1717 | D:3      | Reached XP level 4. HP: 32/32 MP: 4/4
  2182 | D:3      | Noticed Crazy Yiuf
  2503 | D:3      | Killed Crazy Yiuf
  2881 | D:4      | Reached XP level 5. HP: 38/38 MP: 5/5
  4670 | D:4      | Reached XP level 6. HP: 44/44 MP: 6/6
  4736 | D:4      | Noticed Ijyb
  4747 | D:4      | Killed Ijyb
  5453 | D:5      | Entered Level 5 of the Dungeon
  5458 | D:5      | Found Siemamuv's Assorted Antiques.
  5604 | D:5      | Learned a level 1 spell: Corona
  5607 | D:5      | Learned a level 2 spell: Ensorcelled Hibernation
  5673 | D:5      | Reached skill level 6 in Stealth
  5805 | D:5      | Reached skill level 1 in Hexes
  5946 | D:5      | Reached XP level 7. HP: 50/50 MP: 7/7
  6162 | D:5      | Found a bloodstained altar of Trog.
  7000 | D:6      | Reached skill level 1 in Spellcasting
  7222 | D:6      | Reached XP level 8. HP: 57/57 MP: 9/9
  7225 | D:6      | Reached skill level 5 in Dodging
  7251 | D:6      | Reached skill level 7 in Stealth
  7555 | D:6      | Reached skill level 5 in Short Blades
  7714 | D:6      | Mangled by a wyvern

Skill      XL: |  1  2  3  4  5  6  7  8 |
---------------+-------------------------+-----
Short Blades   | 1 2 3 4 5 |  5.1
Dodging        | 2 3 4 5 |  5.5
Stealth        | 5 6 7 |  7.3
Armour         | 2 3 |  3.1
Fighting       | 2 3 |  3.0
Shields        | 2 3 |  3.0
Hexes          | 1 2 3 |  3.3
Spellcasting   | 1 2 |  2.3
Axes           | |  1.7
Evocations     | |  1.0

Action                   |  1- 3 |  4- 6 |  7- 9 || total
-------------------------+-------+-------+-------++-------
Melee: Dagger            |    77 |   139 |       ||   216
       Bite              |     9 |    34 |    20 ||    63
       Quarterstaff      |       |    66 |   146 ||   212
       Unarmed           |       |     4 |       ||     4
Throw: Stone             |       |       |     1 ||     1
 Cast: Ensorcelled Hiber |       |       |     4 ||     4
       Corona            |       |       |     2 ||     2
 Abil: End Transformatio |       |     3 |       ||     3
       Bat Form          |       |     3 |       ||     3
  Use: Potion            |     2 |    10 |     5 ||    17
       Scroll            |       |    12 |       ||    12
 Stab: Sleeping          |     3 |     8 |     1 ||    12
       Distracted        |       |     1 |     1 ||     2
       Paralysed         |       |     1 |     1 ||     2
       Petrified         |       |     1 |     5 ||     6
  Eat: Corpse            |       |       |     2 ||     2
Armor: Robe              |     9 |       |       ||     9
       Leather armour    |     3 |    24 |       ||    27
       Ring mail         |       |    30 |    60 ||    90
Dodge: Dodged            |    40 |   129 |   119 ||   288
Block: Buckler           |    10 |    25 |       ||    35
